Map: Glittering Ashes LE

Players

ftwoamove - Winner!

  • Race: Terran Terran
  • League: Platinum
  • Spawn Location: 7:00

Diego

  • Race: Protoss Protoss
  • League: Platinum
  • Spawn Location: 1:00

VOD

Have the link to the VOD?

Description

Time

  • Played on: May 28, 2022, 2:37 p.m.
  • Length: 13:25
Show
View Real Time Build Order
Export as new Build Order

ftwoamove Terran - Winner!

Build Orders:  

Get SALT Encoding   

  12  0:00  SCV  
  13  0:12  SCV  
  14  0:19  Supply Depot  
  14  0:24  SCV  
  15  0:40  SCV  
  16  0:43  Barracks  
  16  0:48  Refinery  
  16  0:52  SCV  
  17  1:04  SCV  
  18  1:16  SCV  
  19  1:29  Orbital Command  
  19  1:32  Marine  
  20  1:40  Command Center  
  20  1:48  Supply Depot  
  20  1:52  Marine  
  21  1:57  SCV  
  22  2:09  SCV  
  23  2:19  Factory  
  23  2:21  SCV  
  24  2:33  SCV  
  24  2:35  Barracks Reactor  
  24  2:36  Barracks  
  25  2:45  SCV  
  26  2:57  SCV  
  28  2:58  Orbital Command  
  27  3:08  Factory Tech Lab  
  27  3:09  SCV  
  27  3:12  Refinery  
  28  3:15  Marine x2  
  30  3:21  SCV  
  30  3:25  SCV  
  32  3:31  Barracks Tech Lab, Supply Depot  
  32  3:32  Marine  
  32  3:33  Siege Tank  
  32  3:34  SCV  
  37  3:38  SCV  
  38  3:44  Marine  
  38  3:46  SCV  
  40  3:50  Marine  
  40  3:52  SCV  
  42  3:58  SCV  
  43  4:03  Marine x2  
  43  4:04  SCV  
  43  4:08  Marine  
  47  4:10  SCV  
  47  4:12  Starport  
  47  4:14  Siege Tank  
  47  4:16  SCV  
  52  4:21  Marine  
  52  4:22  SCV  
  54  4:35  Supply Depot  
  54  4:37  Supply Depot  
  54  4:42  Supply Depot  
  54  4:47  Command Center  
  54  4:55  SCV  
  54  4:56  Marine x3  
  54  4:57  SCV  
  56  5:06  Siege Tank  
  56  5:07  Supply Depot, SCV, Medivac  
  61  5:09  SCV  
  62  5:19  SCV  
  62  5:21  SCV  
  64  5:22  Marine x3  
  67  5:29  Supply Depot  
  67  5:31  SCV  
  67  5:32  Refinery  
  67  5:33  SCV  
  69  5:36  Refinery, Medivac  
  69  5:39  Marine  
  69  5:40  Marine x2  
  69  5:41  Supply Depot  
  74  5:43  SCV  
  74  5:46  Supply Depot  
  74  5:49  Supply Depot  
  75  5:53  Siege Tank  
  77  5:57  Marine  
  77  6:02  SCV x2  
  77  6:03  Orbital Command  
  80  6:11  Marine x2  
  80  6:14  SCV  
  80  6:15  Marine  
  84  6:19  Engineering Bay  
  84  6:20  Engineering Bay  
  84  6:21  Stimpack  
  84  6:25  SCV  
  85  6:26  SCV  
  85  6:29  Marine x2  
  88  6:33  Marine  
  88  6:36  Supply Depot, Orbital Command  
  89  6:47  Marine x2  
  89  6:51  Marine  
  92  6:56  SCV x2  
  92  6:59  Medivac, Siege Tank  
  99  7:05  Marine x2  
  99  7:06  Terran Infantry Weapons Level 1  
  99  7:07  Terran Infantry Armor Level 1  
  99  7:08  SCV  
  99  7:09  Marine  
  99  7:14  SCV x2  
  95  7:20  SCV  
  95  7:22  Marine x2  
  96  7:26  Marine  
  99  7:30  SCV x2  
  99  7:33  SCV  
  102  7:40  Marine x2  
  102  7:41  Barracks  
  102  7:42  Starport Reactor, SCV  
  105  7:44  Marine, Barracks  
  105  7:47  SCV  
  105  7:49  Armory  
  107  7:58  Marine x2  
  107  8:01  Combat Shield  
  107  8:02  Marine  
  107  8:03  Refinery, SCV x3  
  107  8:05  Refinery  
  113  8:15  SCV x3  
  113  8:16  Marine x2  
  118  8:20  Marine  
  118  8:21  Supply Depot  
  118  8:25  Supply Depot x2  
  119  8:27  SCV x3, Medivac x2  
  119  8:34  Marine x2  
  126  8:37  Command Center  
  126  8:38  Marine  
  129  8:47  Barracks Reactor x2  
  129  8:48  Command Center, Barracks x2  
  129  8:49  Barracks x2  
  129  8:51  Marine, Siege Tank  
  129  8:52  Marine, Barracks x2  
  134  8:55  Marine  
  134  8:57  Supply Depot x2  
  134  8:58  Supply Depot  
  134  8:59  SCV x2  
  134  9:00  Supply Depot, SCV  
  138  9:04  Supply Depot  
  138  9:09  Marine  
  139  9:11  SCV x2  
  139  9:14  Terran Infantry Weapons Level 2  
  139  9:15  Terran Infantry Armor Level 2  
  139  9:16  Terran Vehicle Weapons Level 1  
  141  9:20  Concussive Shells  
  141  9:21  Marauder  
  141  9:23  Medivac x2, Siege Tank  
  150  9:26  Marine x3  
  153  9:42  Marauder  
  154  9:48  Marine x12  
  150  9:53  Medivac x2  
  150  9:55  Widow Mine  
  148  10:03  Marine  
  148  10:05  Marine  
  148  10:06  Marine x11  
  161  10:21  Marine  
  158  10:23  Marine x4  
  158  10:24  Marine x7  
  163  10:35  Marine  
  161  10:36  Widow Mine  
  161  10:37  Medivac x2  
  161  10:38  Marine  
  161  10:41  Marine x8  
  176  10:58  Widow Mine  
  176  10:59  Command Center  
  176  11:00  Marine x10  
  176  11:01  Marine x3, Command Center  
  191  11:07  Medivac x2  
  195  11:18  Marine x5  
  200  11:38  Barracks  
  200  11:40  Barracks x2  
  200  11:42  Planetary Fortress, Barracks x2  
  200  11:44  Barracks  
  185  12:21  Marine x13  
  192  12:39  Marine x10  
  199  12:56  Marine  
  199  12:57  Marine x3  
Show
View Real Time Build Order
Export as new Build Order

Diego Protoss 

Build Orders:  

Get SALT Encoding   

  12  0:01  Probe (Chrono Boost)  
  13  0:13  Probe (Chrono Boost)  
  13  0:20  Pylon  
  14  0:23  Probe  
  15  0:38  Probe  
  16  0:50  Probe  
  17  1:09  Nexus  
  17  1:13  Gateway  
  17  1:25  Gateway  
  17  1:28  Pylon  
  17  1:31  Probe  
  18  1:48  Probe (Chrono Boost)  
  19  2:02  Assimilator  
  19  2:06  Assimilator  
  19  2:07  Probe  
  20  2:12  Zealot  
  20  2:13  Zealot  
  24  2:18  Cybernetics Core  
  23  2:32  Probe x2  
  25  2:44  Probe (Chrono Boost)  
  25  2:45  Pylon  
  25  2:49  Probe (Chrono Boost)  
  27  3:01  Probe x2 (Chrono Boost)  
  27  3:02  Pylon  
  29  3:10  Probe, Zealot (Chrono Boost)  
  29  3:11  Probe  
  35  3:18  Zealot (Chrono Boost)  
  35  3:23  Probe x2  
  37  3:28  Stalker  
  37  3:31  Gateway  
  39  3:38  Stalker  
  39  3:40  Pylon  
  41  3:50  Probe (Chrono Boost)  
  41  3:51  Twilight Council  
  41  3:53  Probe (Chrono Boost)  
  43  4:02  Probe (Chrono Boost)  
  45  4:05  Probe (Chrono Boost)  
  45  4:08  Stalker  
  47  4:10  Zealot  
  49  4:19  Probe (Chrono Boost)  
  49  4:23  Probe (Chrono Boost)  
  51  4:29  Probe (Chrono Boost), Charge (Chrono Boost)  
  53  4:33  Probe (Chrono Boost)  
  53  4:40  Pylon  
  53  4:45  Pylon  
  47  5:06  Zealot  
  47  5:07  Zealot x2  
  49  5:17  Robotics Facility  
  49  5:20  Gateway  
  49  5:22  Gateway  
  47  5:33  Nexus  
  47  5:34  Probe  
  47  5:35  Probe  
  49  5:38  Zealot x2 (Chrono Boost)  
  49  5:42  Zealot (Chrono Boost)  
  55  5:46  Probe  
  55  5:47  Probe  
  57  5:56  Shield Battery  
  57  5:59  Probe  
  58  6:13  Forge  
  58  6:15  Forge  
  58  6:17  Forge  
  58  6:20  Probe, Pylon, Immortal (Chrono Boost)  
  58  6:21  Probe, Zealot x4  
  72  6:40  Pylon  
  72  6:42  Pylon  
  72  6:43  Probe x2  
  72  6:46  Pylon  
  74  6:48  Assimilator, Zealot  
  74  6:49  Blink  
  74  6:53  Assimilator  
  76  6:55  Probe x2  
  78  7:07  Probe x2  
  78  7:19  Probe x2  
  80  7:27  Photon Cannon  
  80  7:29  Photon Cannon  
  80  7:31  Protoss Ground Weapons Level 1, Protoss Shields Level 1, Protoss Ground Armor Level 1  
  80  7:34  Probe (Chrono Boost), Photon Cannon  
  80  7:35  Probe x2 (Chrono Boost)  
  83  7:40  Zealot x4  
  94  7:44  Probe x2 (Chrono Boost)  
  94  7:45  Probe (Chrono Boost)  
  94  7:49  Probe (Chrono Boost)  
  95  8:00  Assimilator  
  95  8:04  Assimilator  
  95  8:14  Probe x3  
  98  8:21  Pylon  
  98  8:22  Stargate  
  98  8:23  Pylon  
  98  8:24  Pylon  
  98  8:26  Probe x2, Stargate, Zealot x3  
  105  8:28  Stargate  
  105  8:30  Pylon  
  105  8:35  Immortal  
  105  8:36  Zealot  
  111  8:56  Zealot x3  
  117  9:05  Nexus  
  114  9:21  Fleet Beacon  
  114  9:31  Protoss Air Weapons Level 1 (Chrono Boost)  
  100  9:59  Void Ray x3  
  112  10:10  Assimilator  
  112  10:14  Assimilator  
  99  10:27  Immortal  
  91  10:30  Zealot  
  91  10:31  Zealot x3  
  99  10:42  Void Ray  
  103  10:43  Probe x4  
  103  10:47  Pylon  
  107  10:50  Pylon x2  
  107  10:53  Pylon  
  107  10:55  Probe  
  108  10:58  Carrier x2, Zealot  
  108  11:03  Probe x3  
  125  11:07  Probe  
  126  11:15  Probe  
  127  11:19  Carrier  
  133  11:31  Immortal  
  137  11:33  Zealot x3  
  141  11:50  Shield Battery  
  141  11:52  Shield Battery  
  141  11:53  Shield Battery  
  141  12:00  Zealot x2  
  135  12:07  Probe x4  
  117  12:14  Zealot x2  
  103  12:19  Probe x3  
  104  12:27  Zealot x2  
  114  12:31  Probe x2  
  109  12:38  Immortal  
  109  12:44  Zealot x2  
Tags
 
Add a new tag
Caveats
  • Supply blocks, unpowered buildings, or Contaminate may cause inaccurate times.
  • Supply counts are checked every 10 seconds.